 Dungeon Crawl Stone Soup version 0.18.1-8-gdd0e5ea (webtiles) character file.

1346 HungrySpirit the Ruffian (level 8, -12/79 HPs)
             Began as a Troll Skald on May 21, 2016.
             Was a Follower of Okawaru.
             Mangled by an orc knight
             ... wielding a +0 broad axe
              (25 damage)
             ... in a bailey.
             The game lasted 00:07:31 (4781 turns).

HungrySpirit the Ruffian (Troll Skald)              Turns: 4781, Time: 00:07:33

Health: -12/79     AC:  7    Str: 28    XL:     8   Next: 36%
Magic:  8/8        EV: 11    Int: 13    God:    Okawaru [*.....]
Gold:   365        SH:  0    Dex:  9    Spells: 1 memorised, 8 levels left

rFire  . . .     SeeInvis .       - Unarmed
rCold  + + .     Gourm    +     a - +0 robe
rNeg   . . .     Faith    .     (no shield)
rPois  .         Spirit   .     (helmet restricted)
rElec  .         Dismiss  .     o - +0 cloak
rCorr  .         Reflect  .     (gloves unavailable)
SustAt .         Harm     .     (boots unavailable)
MR     .....                    (no amulet)
Stlth  ++........               v - ring of protection from cold
                                e - ring of stealth

@: mighty, brilliant, not resistant to hostile enchantments, unstealthy
A: unfitting armour, claws 3, hooves 1, icy blue scales 1, cold resistance 1,
fast metabolism 3, gourmand, regeneration 2, shaggy fur 1, tough skin 2
a: Heroism, Renounce Religion


You were in a bailey.
You worshipped Okawaru.
Okawaru was aware of your devotion.
You were very full.

You visited 2 branches of the dungeon, and saw 8 of its levels.
You also visited: Bailey.

You collected 365 gold pieces.

Inventory:

Armour
 a - a +0 robe (worn)
 o - a +0 cloak (worn)
Jewellery
 e - a ring of stealth (left claw)
 h - an uncursed ring of stealth
 v - a ring of protection from cold (right claw)
Scrolls
 d - a scroll of enchant weapon {unknown}
 g - a scroll of amnesia {unknown}
 i - 7 scrolls of identify {unknown}
 j - a scroll of blinking {unknown}
 p - 2 scrolls of teleportation {unknown}
 q - 7 scrolls of remove curse {unknown}
 r - a scroll of noise {unknown}
 s - 2 scrolls of recharging {unknown}
 u - 2 scrolls of random uselessness {unknown}
 y - a scroll of enchant armour {unknown}
 z - a scroll of immolation {unknown}
Potions
 k - 2 potions of brilliance
 l - 3 potions of degeneration {unknown}
 m - 3 potions of heal wounds {unknown}
 n - 7 potions of curing {unknown}
 t - a potion of resistance {unknown}
 x - 2 potions of lignification {unknown}
Comestibles
 c - 5 bread rations
 w - 2 beef jerkies


   Skills:
 + Level 4.4 Fighting
 + Level 4.4 Dodging
 * Level 7.5 Unarmed Combat
 - Level 1.2 Spellcasting
 - Level 2.0 Charms


You had 8 spell levels left.
You knew the following spells:

 Your Spells              Type           Power        Failure   Level  Hunger
a - Infusion              Chrm           ##..         1%          1    ##.....


Dungeon Overview and Level Annotations

Branches:
Dungeon (7/15)             Temple (1/1) D:4

Altars:
Ashenzari
Cheibriados
Dithmenos
Elyvilon
Fedhas
Gozag
Kikubaaqudgha
Makhleb
Nemelex Xobeh
Okawaru
Qazlal
Ru
Sif Muna
Trog
Vehumet
Yredelemnul
Zin
The Shining One


Innate Abilities, Weirdness & Mutations

You are too large for most types of armour.
You have claws for hands.
Your metabolism is lightning-fast.
You like to eat raw meat.
You heal very quickly.
You are covered in fur (AC +1).
You have very tough skin (AC +2).
You have large cloven feet.
You are partially covered in icy blue scales (AC +1).
Your flesh is cold resistant.


Message History

Drink which item? (? for menu, Esc to quit)
It was a potion of might.
You feel very mighty all of a sudden.
The kobold throws a tomahawk of returning.
The tomahawk of returning completely misses you.
The kobold throws a tomahawk of returning.
The tomahawk of returning hits you but does no damage.
The weapon returns to the kobold!
You claw the orc knight! Your kick misses the orc knight.
The orc knight is moderately wounded.
The orc knight hits you with a broad axe!
* * * LOW HITPOINT WARNING * * *
The kobold throws a tomahawk of returning.
The tomahawk of returning hits you.
* * * LOW HITPOINT WARNING * * *
The weapon returns to the kobold!
You closely miss the orc knight.
The orc knight is moderately wounded.
The orc knight hits you with a broad axe!!
You die...

+≈≈.......≈≈K.+
#≈≈.......≈≈###
+≈≈......(≈≈K.+
≈≈......(≈≈###
≈≈.......≈≈K.+
≈≈.......≈≈###.#
≈≈.......≈≈K.'^#
≈≈.......≈≈#####
#≈.....@.≈##
####''o####
#.... #∩$...
#...8. ##....
###+#


You could see an orc knight and 3 kobolds.

Vanquished Creatures
  Sigmund (D:6)
  Menkaure (D:6)
  Edmund (D:4)
  The ghost of Gekot the Magician, an amateur DEFE (D:3)
  Duvessa (D:7)
  A centaur (D:5)
  Blork the orc (D:6)
  Dowan (D:7)
  A scorpion (D:3)
  A howler monkey (D:4)
  A giant frog zombie (D:5)
  A crimson imp (D:7)
  A hound (D:5)
  An orc priest (D:7)
  An orc wizard (D:7)
  A centaur skeleton (D:7)
  2 iguanas (D:4)
  2 worker ants (D:6)
  A howler monkey skeleton (D:6)
  7 adders
  A shadow imp (D:6)
  3 oozes
  2 adder skeletons (D:4)
  A worm (D:2)
  3 dart slugs
  A giant gecko (D:4)
  15 orcs
  4 bats
  A bat zombie (D:2)
  7 giant cockroaches
  4 goblins
  6 hobgoblins
  7 jackals
  5 kobolds
  3 quokkas
  A ball python (D:1)
  A giant cockroach zombie (D:2)
  A giant gecko skeleton (D:2)
  3 giant newts
  A jackal skeleton (D:2)
  A quokka skeleton (D:6)
  4 rats
103 creatures vanquished.

Notes
Turn   | Place    | Note
--------------------------------------------------------------
     0 | D:1      | HungrySpirit the Troll Skald began the quest for the Orb.
     0 | D:1      | Reached XP level 1. HP: 19/19 MP: 1/1
   206 | D:1      | Reached XP level 2. HP: 28/28 MP: 2/2
   705 | D:2      | Reached skill level 3 in Unarmed Combat
   823 | D:2      | Reached XP level 3. HP: 34/35 MP: 3/3
  1243 | D:3      | Reached XP level 4. HP: 31/42 MP: 4/4
  1328 | D:3      | Found a blossoming altar of Fedhas.
  1375 | D:3      | Noticed Gekot's ghost (amateur DEFE)
  1380 | D:3      | Found a shattered altar of Ashenzari.
  1402 | D:3      | Killed Gekot's ghost
  1402 | D:3      | Reached skill level 4 in Unarmed Combat
  1402 | D:3      | Reached XP level 5. HP: 23/50 MP: 5/5
  1804 | D:4      | Noticed Edmund
  1823 | D:4      | Killed Edmund
  1823 | D:4      | Reached skill level 5 in Unarmed Combat
  1823 | D:4      | Reached XP level 6. HP: 43/59 MP: 6/6
  1971 | D:4      | Found a staircase to the Ecumenical Temple.
  2003 | Temple   | Entered the Ecumenical Temple
  2053 | Temple   | Became a worshipper of Warmaster Okawaru
  2860 | D:5      | Entered Level 5 of the Dungeon
  2968 | D:5      | Reached XP level 7. HP: 66/67 MP: 7/7
  3039 | D:5      | Found a white marble altar of Elyvilon.
  3718 | D:6      | Reached skill level 6 in Unarmed Combat
  3826 | D:6      | Noticed Menkaure
  3831 | D:6      | Killed Menkaure
  3831 | D:6      | Reached * piety under Okawaru
  3839 | D:6      | Found a deep blue altar of Sif Muna.
  3849 | D:6      | Noticed Sigmund
  3858 | D:6      | Killed Sigmund
  4003 | D:6      | Found an ancient bone altar of Kikubaaqudgha.
  4003 | D:6      | Noticed Blork the orc
  4011 | D:6      | Killed Blork the orc
  4011 | D:6      | Reached XP level 8. HP: 68/78 MP: 8/8
  4022 | D:6      | Found a deep blue altar of Sif Muna.
  4024 | D:6      | Found a radiant altar of Vehumet.
  4031 | D:6      | Identified Vehumet's Collected Works on Conjuration
  4223 | D:6      | Reached skill level 7 in Unarmed Combat
  4555 | D:7      | Noticed Duvessa
  4566 | D:7      | Noticed Dowan
  4568 | D:7      | Killed Duvessa
  4575 | D:7      | Killed Dowan
  4717 | D:7      | Found a glowing silver altar of Zin.
  4747 | D:7      | Found a flagged portal.
  4756 | Bailey   | Entered a bailey
  4776 | Bailey   | Noticed an orc knight
  4778 | Bailey   | Gained mutation: Your flesh is cold resistant. [potion of mutation]
  4778 | Bailey   | Gained mutation: You are partially covered in icy blue scales (AC +1). [potion of mutation]
  4778 | Bailey   | Gained mutation: You have large cloven feet. [potion of mutation]
  4781 | Bailey   | Mangled by an orc knight

Skill      XL: |  1  2  3  4  5  6  7  8 |
---------------+-------------------------+-----
Unarmed Combat | 3 4 5 6 7 |  7.5
Fighting       | 2 3 4 |  4.4
Dodging        | 2 3 4 |  4.4
Spellcasting   | |  1.2
Charms         | |  2.0

Action                   |  1- 3 |  4- 6 |  7- 9 || total
-------------------------+-------+-------+-------++-------
Melee: Unarmed           |   131 |   113 |   103 ||   347
       Punch             |       |     1 |     1 ||     2
Invok: Heroism           |       |       |     1 ||     1
  Use: Potion            |       |       |     3 ||     3
 Stab: Sleeping          |     7 |     8 |     3 ||    18
  Eat: Chunk             |    14 |    15 |    19 ||    48
Armor: Robe              |    62 |    54 |    33 ||   149
Dodge: Dodged            |    83 |    72 |    54 ||   209
